 Dungeon Crawl Stone Soup version 0.18-a0-1577-gf591c28 (webtiles) character file.

1300 Ijustatesigmund the Cutter (level 8, 0/49 HPs)
             Began as a Kobold Assassin on Mar 24, 2016.
             Was an Initiate of Pakellas.
             Slain by an orc
             ... wielding a +0 war axe
              (11 damage)
             ... on level 5 of the Dungeon.
             The game lasted 00:13:39 (5388 turns).

Ijustatesigmund the Cutter (Kobold Assassin)        Turns: 5388, Time: 00:13:41

Health: 0/49       AC:  5    Str:  9    XL:     8   Next: 87%
Magic:  11/11      EV: 17    Int:  9    God:    Pakellas [......]
Gold:   171        SH:  0    Dex: 20    Spells: 0 memorised, 7 levels left

rFire  . . .     SeeInvis .     a - +2 dagger
rCold  . . .     Gourm    .     c - +0 robe
rNeg   . . .     Faith    .     (shield restricted)
rPois  .         Spirit   .     o - +0 helmet
rElec  .         Dismiss  .     d - +1 cloak
rCorr  .         Reflect  .     (no gloves)
SustAt .         Harm     .     (no boots)
MR     .....                    (no amulet)
Stlth  ++++......               (no ring)
                                (no ring)

@: very slightly contaminated, invisible, not resistant to hostile enchantments,
stealthy
A: carnivore 3
a: Renounce Religion


You were on level 5 of the Dungeon.
You worshipped Pakellas.
Pakellas was noncommittal.
You were completely stuffed.

You visited 2 branches of the dungeon, and saw 6 of its levels.

You collected 171 gold pieces.

Inventory:

Hand Weapons
 a - a +2 dagger (weapon)
 b - a +1 blowgun
 u - a +2 dagger of venom
Missiles
 e - 21 poisoned needles
 f - 2 curare-tipped needles
 t - 3 tomahawks (quivered)
Armour
 c - a +0 robe (worn)
 d - a +1 cloak (worn)
 o - a +0 helmet (worn)
Jewellery
 j - an uncursed amulet of dismissal
Wands
 v - a wand of digging (4/24)
Scrolls
 p - a scroll of teleportation
 r - a scroll of magic mapping
Potions
 h - a potion of mutation
 i - 2 potions of flight
 k - a potion of haste {unknown}
 l - 4 potions of curing {unknown}
 m - a potion of lignification {unknown}
 n - a potion of heal wounds
 q - 3 potions of invisibility
 s - a potion of degeneration {unknown}
Comestibles
 g - a meat ration


   Skills:
 * Level 5.0 Fighting
 + Level 7.5 Short Blades
 - Level 4.4 Throwing
 - Level 4.1 Dodging
 - Level 7.4 Stealth
 * Level 4.7 Evocations


You had 7 spell levels left.
You didn't know any spells.

Dungeon Overview and Level Annotations

Branches:
Dungeon (5/15)             Temple (1/1) D:4

Altars:
Cheibriados
Fedhas
Makhleb
Pakellas
Ru
Sif Muna
Trog
Xom
The Shining One


Innate Abilities, Weirdness & Mutations

You are small and have problems with some larger weapons.
You are carnivorous and can eat meat at any time.


Message History

The puff of flame hits you!
Drink which item? (? for menu, Esc to quit)
You fade into invisibility!
The ogre hits you with a giant spiked club!!
* * * LOW HITPOINT WARNING * * *
The orc wizard hits you with a dagger.
* * * LOW HITPOINT WARNING * * *
You hear some strange, mumbled words.
The orc resists with significant effort.
The orc shouts!
You are very lightly contaminated with residual magic.
You closely miss the ogre.
The ogre is lightly wounded.
You strike the helpless orc wizard from behind!
You impale the orc wizard!!
You kill the orc wizard!
Pakellas accepts your kill. The orc hits you with a war axe!
You die...
Pakellas says: Time to find a new assistant...

##.# #.# #.# #.# #.# ####
#.# ####..####.##
####.......##..#
###.........O@##.####
##...........o)#..#..#####
...........{.o#..#.......##
.............##.##..........
.......$....##.###..........
..........###.# #...........
........####.# ##†.........
##....### #.# #..........
##### #.# #..........


You could see an ogre and 2 orcs.

Vanquished Creatures
  Pikel (D:4)
  Sigmund (D:2)
  A black bear (D:3)
  2 slaves (D:4)
  2 ogres (D:4)
  Blork the orc (D:4)
  Crazy Yiuf (D:4)
  2 orc wizards
  A giant frog skeleton (D:4)
  An iguana (D:4)
  Natasha (D:2)
  A hound skeleton (D:4)
  7 gnolls
  4 adders
  A shadow imp (D:5)
  2 worms
  2 dart slugs
  2 giant geckos
  7 orcs
  A ball python (D:3)
  8 bats
  4 giant cockroaches
  7 goblins
  6 hobgoblins
  4 jackals (D:2)
  A quokka (D:3)
  5 giant newts
  4 kobolds
  A quokka skeleton (D:4)
  12 rats
  A fungus (D:4)
94 creatures vanquished.

Vanquished Creatures (others)
  A quokka (D:4)
1 creature vanquished.

Grand Total: 95 creatures vanquished

Notes
Turn   | Place    | Note
--------------------------------------------------------------
     0 | D:1      | Ijustatesigmund the Kobold Assassin began the quest for the Orb.
     0 | D:1      | Reached XP level 1. HP: 12/12 MP: 1/1
   293 | D:1      | Reached XP level 2. HP: 14/17 MP: 2/2
   955 | D:2      | Noticed Sigmund
   978 | D:3      | Reached XP level 3. HP: 21/21 MP: 3/3
  1436 | D:2      | Found a sacrificial altar of Ru.
  1492 | D:2      | Noticed Natasha
  1508 | D:2      | Killed Natasha
  1508 | D:2      | Reached skill level 5 in Short Blades
  1508 | D:2      | Reached XP level 4. HP: 3/26 MP: 4/4
  1860 | D:2      | Killed Sigmund
  1860 | D:2      | Reached XP level 5. HP: 21/30 MP: 5/5
  1860 | D:2      | Reached XP level 6. HP: 24/35 MP: 6/6
  2963 | D:3      | Noticed a black bear
  3008 | D:3      | Killed a black bear
  3008 | D:3      | Reached XP level 7. HP: 35/40 MP: 7/7
  3998 | D:4      | Noticed Blork the orc
  4017 | D:4      | Killed Blork the orc
  4068 | D:4      | Found a deep blue altar of Sif Muna.
  4105 | D:4      | Found a staircase to the Ecumenical Temple.
  4113 | Temple   | Entered the Ecumenical Temple
  4165 | Temple   | Became a worshipper of Pakellas the Inventive
  4307 | D:4      | Reached skill level 1 in Evocations
  4359 | D:4      | Found a sacrificial altar of Ru.
  4427 | D:4      | Noticed Pikel
  4464 | D:4      | Killed Pikel
  4464 | D:4      | Reached XP level 8. HP: 22/48 MP: 8/11
  5139 | D:4      | Noticed Crazy Yiuf
  5158 | D:4      | Killed Crazy Yiuf
  5313 | D:5      | Entered Level 5 of the Dungeon
  5348 | D:5      | Reached skill level 5 in Fighting
  5388 | D:5      | Slain by an orc

Vault maps used:
D:1:      saegor_arrival_simple_a
D:2:      lemuel_doored_altar, minmay_strange_pillars, uniq_sigmund,
          uniq_natasha
D:4:      lemuel_coloured_pillars_altar, minmay_temple_entry_butterflies,
          grunt_decor_clamped, hangedman_ru_absence, uniq_blork_the_orc,
          uniq_crazy_yiuf_cottage, uniq_pikel
D:5:      first_bread
Temple:   nicolae_temple_great_sept

Skill      XL: |  1  2  3  4  5  6  7  8 |
---------------+-------------------------+-----
Short Blades   | 3 4 5 6 7 |  7.5
Throwing       | 4 |  4.4
Dodging        | 3 4 |  4.1
Stealth        | 6 7 |  7.4
Evocations     | 4 |  4.7
Fighting       | 4 5 |  5.0

Action                   |  1- 3 |  4- 6 |  7- 9 || total
-------------------------+-------+-------+-------++-------
Melee: Dagger            |   178 |   105 |   178 ||   461
 Fire: Blowgun           |       |    14 |    15 ||    29
Throw: Throwing net      |       |     1 |     2 ||     3
  Use: Scroll            |     9 |     3 |     1 ||    13
       Potion            |     4 |       |     2 ||     6
 Stab: Sleeping          |    13 |     3 |     8 ||    24
       Distracted        |       |     1 |       ||     1
       Held in net/web   |       |     1 |       ||     1
       Invisible         |       |       |     2 ||     2
  Eat: Chunk             |     1 |    12 |     8 ||    21
       Pizza             |     1 |       |       ||     1
